 Dungeon Crawl Stone Soup version 0.28-a0-313-gbc0475efdd (webtiles) character file.

Game seed: 6065234549879393681

844 Demosthentine the Poker (level 8, -11/62 HPs)
             Began as a Merfolk Gladiator on Aug 31, 2021.
             Killed by divine providence
             ... invoked by an orc priest
              (14 damage)
             ... on level 5 of the Dungeon.
             The game lasted 00:06:46 (4529 turns).

Demosthentine the Poker (Merfolk Gladiator)         Turns: 4529, Time: 00:06:46

Health: -11/62     AC:  7    Str: 16    XL:     8   Next: 0%
Magic:  8/8        EV: 15    Int:  7    God:
Gold:   25         SH:  0    Dex: 16    Spells: 7/7 levels left

rFire   . . .      SeeInvis .   a - +0 trident
rCold   . . .      Faith    .   (no shield)
rNeg    . . .      Spirit   .   b - +0 leather armour
rPois   .          Reflect  .   c - +1 helmet
rElec   .          Harm     .   (no cloak)
rCorr   .          Rampage  .   (no gloves)
Will    .....                   h - +1 pair of boots {Fly}
Stlth   +.........              (no amulet)
HPRegen 0.20/turn               (no ring)
MPRegen 0.11/turn               (no ring)

@: flying
A: (nimble swimmer 2), mertail
a: no special abilities


You were on level 5 of the Dungeon.
You visited 1 branch of the dungeon, and saw 5 of its levels.

You collected 130 gold pieces.
You spent 105 gold pieces at shops.

Inventory:

Hand Weapons
 a - a +0 trident (weapon)
Missiles
 d - 2 throwing nets (quivered)
Armour
 b - a +0 leather armour (worn)
 c - a +1 helmet (worn)
 h - a +1 pair of boots of flying (worn)
Jewellery
 n - a ring of positive energy
Scrolls
 i - 5 scrolls of identify
 l - a scroll of fear
 m - a scroll of teleportation
Potions
 f - a potion of invisibility
 g - 2 potions of magic
 j - a potion of curing


   Skills:
 + Level 5.2 Fighting
 + Level 7.6 Polearms
 - Level 2.0 Throwing
 + Level 3.0 Armour
 + Level 7.0 Dodging


You had 7 spell levels left.
You didn't know any spells.
Your spell library contained the following spells:

 Spells                   Type           Power      Damage    Failure   Level
 Foxfire                  Conj/Fire      0%         2x1d4     50%         1
 Conjure Flame            Conj/Fire      0%         6-21      86%         3
 Inner Flame              Hex/Fire       0%         N/A       86%         3
 Airstrike                Air            0%         N/A       99%         4
 Summon Lightning Spire   Summ/Air       0%         N/A       99%         4
 Lightning Bolt           Conj/Air       0%         1d11      100%        5


Dungeon Overview and Level Annotations

Branches:
Dungeon (5/15)
 Temple: D:4-7

Altars:
Kikubaaqudgha

Shops:
D:4 ?(=

Annotations:
D:4 2 transporters, SkeletonJelly2's ghost, novice DjCA


Innate Abilities, Weirdness & Mutations

((You are quick and stealthy near water. (Stealth+, EV+, Speed+++)))
Your lower body shifts to a powerful aquatic tail in water.


Message History

You barely miss Ijyb.
Ijyb is severely wounded.
Ijyb hits you with a +0 club.
* * * LOW HITPOINT WARNING * * *
Reach: a) +0 trident
Press: ? - help, Dir - move target, f/p - orc priest
Aim: an orc priest, wielding a +0 dagger (moderately wounded, about 36% to evade your +0 trident)
You reach to attack!
You puncture the orc priest!
The orc priest is almost dead.
Ijyb screams, "Die!"
Ijyb hits you but does no damage.
You hit Ijyb.
Ijyb is almost dead.
Reach: a) +0 trident
Press: ? - help, Dir - move target, f/p - orc priest
Aim: an orc priest, wielding a +0 dagger (almost dead, about 36% to evade your +0 trident) Ijyb is in the way.
You hit Ijyb.
You kill Ijyb!
Your Dodging skill increases to level 7!
You have reached level 8!
Unknown command.
Reach: a) +0 trident
Press: ? - help, Dir - move target, f/p - orc priest
Aim: an orc priest, wielding a +0 dagger (almost dead, about 36% to evade your +0 trident)
The iguana is in the way.
You hit the iguana but do no damage. The iguana bites you!
* * * LOW HITPOINT WARNING * * *
You feel better.
The orc priest invokes the aid of Beogh against you.
Beogh smites you!
* * * LOW HITPOINT WARNING * * *
The iguana misses you.
Throw: 3 throwing nets
Press: ? - help, Q - select action Shift-Dir - straight line, f/p - orc priest
Aim: an orc priest, wielding a +0 dagger (almost dead, 63% to hit)
You throw a throwing net. The throwing net hits the iguana.
The iguana is caught in the net!
The orc priest mumbles some strange prayers to Beogh against you.
Beogh smites you!
You die...

.. #...####). . ...
###.#..[.. #.# ###.....
#.# +..... # #.# ##...#
#. #.# ###...# #>#
+#.#+ ##......
#.:#####...#####.......
#.....@lo⌠.............
#).#####...#####.......
#.# +#.#+ ##...... #.
#.# #...... # #.#
#.....# #.# #.....# #.#
...... ... ....


You could see an iguana (caught) and an orc priest.

Vanquished Creatures
  Grinder (D:5)
  A phantom (D:4)
  2 scorpions
  A water moccasin skeleton (D:5)
  A bullfrog zombie (D:5)
  A bullfrog skeleton (D:5)
  A hound (D:5)
  An iguana (D:5)
  Ijyb (D:5)
  4 orc wizards
  A hound zombie (D:5)
  7 adders
  A worm (D:2)
  3 dart slugs
  15 orcs
  2 ball pythons (D:1)
  6 endoplasms
  A giant cockroach (D:1)
  8 goblins
  3 hobgoblins
  4 jackals (D:2)
  7 quokkas
  6 bats
  A frilled lizard (D:3)
  8 kobolds
  11 rats
98 creatures vanquished.

Notes
Turn   | Place    | Note
-------+----------+-------------------------------------------
     0 | D:1      | Demosthentine the Merfolk Gladiator began the quest for the
                  | Orb.
     0 | D:1      | Reached XP level 1. HP: 16/16 MP: 1/1
   165 | D:1      | Reached XP level 2. HP: 23/23 MP: 2/2
  1082 | D:1      | Reached XP level 3. HP: 28/28 MP: 3/3
  1352 | D:2      | Reached skill level 5 in Polearms
  1556 | D:2      | Reached skill level 1 in Armour
  1741 | D:2      | Reached XP level 4. HP: 35/35 MP: 4/4
  2172 | D:3      | Found an ancient bone altar of Kikubaaqudgha.
  2687 | D:3      | Reached skill level 5 in Dodging
  2814 | D:3      | Reached XP level 5. HP: 41/41 MP: 5/5
  2923 | D:4      | Found Vokkisa's Antique Weapon Emporium.
  3138 | D:4      | Found Plog's Magic Scroll Emporium.
  3141 | D:4      | Bought a scroll of fear for 35 gold pieces
  3141 | D:4      | Bought a scroll of teleportation for 30 gold pieces
  3141 | D:4      | Bought a scroll of identify for 20 gold pieces
  3141 | D:4      | Bought a scroll of identify for 20 gold pieces
  3201 | D:4      | Found a transporter.
  3207 | D:4      | Noticed SkeletonJelly2's ghost (novice DjCA)
  3244 | D:4      | Found a transporter.
  3439 | D:4      | Found Ecuc's Jewellery Shop.
  3633 | D:4      | Noticed a phantom
  3653 | D:4      | Killed a phantom
  3654 | D:4      | Reached XP level 6. HP: 30/48 MP: 6/6
  3848 | D:5      | Entered Level 5 of the Dungeon
  3982 | D:5      | Reached XP level 7. HP: 45/55 MP: 7/7
  4039 | D:5      | Identified the +0 robe of Temidayr {Dex+4 Slay-6 Stlth+
                  | Archmagi}
  4085 | D:5      | Noticed Grinder
  4095 | D:5      | Paralysed by Grinder for 6 turns
  4280 | D:5      | Killed Grinder
  4493 | D:5      | Reached skill level 5 in Fighting
  4498 | D:5      | Noticed Ijyb
  4526 | D:5      | Killed Ijyb
  4527 | D:5      | Reached XP level 8. HP: 16/62 MP: 8/8
  4528 | D:5      | HP: 3/62 [orc priest/divine providence (10)]
  4529 | D:5      | Killed from afar by an orc priest

Illustrated notes

Levels and vault maps discovered:
D:1:      sevenhm_arrival_forest_fort_large_2, layout_basic
D:2:      layout_basic, hangedman_decor_opposing, eino_tiny_chamber,
          kennysheep_nub
D:3:      minmay_razor_zed, layout_basic, nicolae_kikubaaqudgha_miasma_corner
D:4:      layout_basic, serial_shops, nicolae_lakefront_shop,
          kennysheep_little_box, nicolae_shop_behind_doors,
          gammafunk_ghost_arena
D:5:      layout_gridville, grunt_temple_overflow_cloverleaf, uniq_grinder,
          uniq_ijyb

Skill      XL: |  1  2  3  4  5  6  7 |
---------------+----------------------+-----
Polearms       | 5 6 7 |  7.6
Armour         | 1 2 3 |  3.0
Fighting       | 3 4 5 |  5.2
Dodging        | 5 6 7 |  7.0
Throwing       | |  2.0

Action                   |  1- 3 |  4- 6 |  7- 9 || total
-------------------------+-------+-------+-------++-------
Melee: Trident           |   114 |   205 |    96 ||   415
Throw: Throwing net      |       |       |     1 ||     1
  Use: Scroll            |     1 |     5 |       ||     6
       Potion            |       |       |     2 ||     2
 Stab: Sleeping          |     2 |     5 |       ||     7
       Distracted        |       |     1 |       ||     1
Armor: Leather armour    |    23 |    40 |    32 ||    95
Dodge: Dodged            |    77 |   122 |    50 ||   249

Table legend: (Time is in decaauts)
 A = Elapsed time spent in this place.
 B = Non-inter-level travel time spent in this place.
 C = Inter-level travel time spent in this place.
 D = Time resting spent in this place.
 E = Time spent auto-exploring this place.
 F = Levels seen in this place.
 G = Mean time per level.
                   A        B        C        D        E       F      G
               +--------+--------+--------+--------+--------+-----+--------+
         Total |   4532 |   4378 |    154 |    129 |   3473 |   5 |  906.4 |
       Dungeon |   4532 |   4378 |    154 |    129 |   3473 |   5 |  906.4 |
               +--------+--------+--------+--------+--------+-----+--------+

Top non-repeatable levels by time:
     D:1: 1260 daAuts
     D:4: 1096 daAuts
     D:3: 985 daAuts
     D:2: 663 daAuts
     D:5: 526 daAuts
